Map: Orbital Shipyard

Players

AgCl - Winner!

  • Race: Protoss Protoss

OptimusPrime

  • Race: Terran Terran

VOD

Have the link to the VOD?

Description

Time

  • Played on: May 4, 2015, 7:48 p.m.
  • Length: 11:20
Show
View Real Time Build Order
Export as new Build Order

AgCl Protoss - Winner!

Build Orders: Oracle Opening, Oracle Opening, Carrier Rush 

Get SALT Encoding   

  12  0:11  Pylon  
  12  0:13  Probe  
  13  0:25  Probe  
  14  0:31  Gateway  
  14  0:37  Probe  
  15  0:49  Probe  
  16  0:54  Assimilator  
  16  1:01  Probe  
  17  1:13  Probe (Chrono Boost), Pylon  
  17  1:18  Zealot (Chrono Boost)  
  20  1:21  Cybernetics Core  
  20  1:24  Probe (Chrono Boost)  
  21  1:30  Probe  
  22  1:37  Assimilator  
  22  1:42  Probe (Chrono Boost)  
  23  1:52  Probe (Chrono Boost)  
  24  1:59  Probe  
  25  2:07  Nexus  
  25  2:11  Probe  
  26  2:18  Stargate  
  26  2:23  Probe  
  29  2:37  Mothership Core (Chrono Boost)  
  29  2:43  Adept, Pylon  
  29  2:51  Probe (Chrono Boost), Warp Gate  
  30  3:03  Probe  
  31  3:10  Assimilator  
  31  3:16  Probe (Chrono Boost)  
  31  3:17  Oracle (Chrono Boost)  
  35  3:21  Adept  
  35  3:22  Probe (Chrono Boost)  
  38  3:33  Probe x2 (Chrono Boost)  
  40  3:39  Probe  
  40  3:40  Probe, Pylon  
  40  3:56  Probe (Chrono Boost)  
  40  4:00  Probe (Chrono Boost)  
  40  4:01  Fleet Beacon  
  42  4:04  Assimilator  
  42  4:07  Probe (Chrono Boost)  
  42  4:09  Probe (Chrono Boost)  
  44  4:15  Probe (Chrono Boost), Gateway  
  46  4:18  Probe (Chrono Boost), Forge  
  47  4:25  Probe (Chrono Boost)  
  47  4:30  Probe (Chrono Boost)  
  48  4:31  Probe (Chrono Boost)  
  49  4:39  Probe  
  49  4:42  Probe  
  49  4:43  Carrier (Chrono Boost)  
  51  4:51  Probe  
  52  4:54  Probe  
  53  5:03  Probe  
  60  5:13  Graviton Catapult (Chrono Boost)  
  60  5:14  Protoss Ground Weapons Level 1 (Chrono Boost)  
  60  5:19  Pylon  
  60  5:20  Nexus  
  60  5:22  Pylon, Photon Cannon  
  60  5:24  Pylon  
  60  5:28  Pylon  
  60  5:31  Protoss Air Weapons Level 1 (Chrono Boost)  
  60  5:37  Probe x2  
  62  5:47  Carrier (Chrono Boost)  
  62  5:48  Gateway  
  62  5:49  Probe x2  
  64  5:51  Adept  
  66  6:01  Probe  
  66  6:04  Probe  
  68  6:09  Photon Cannon  
  74  6:11  Assimilator  
  74  6:13  Probe  
  75  6:25  Probe x2  
  78  6:40  Probe (Chrono Boost)  
  78  6:43  Probe (Chrono Boost)  
  78  6:44  Carrier (Chrono Boost)  
  78  6:48  Probe (Chrono Boost)  
  78  6:49  Assimilator  
  78  7:07  Robotics Facility  
  78  7:08  Stargate  
  84  7:10  Pylon  
  84  7:11  Nexus  
  84  7:12  Probe (Chrono Boost)  
  84  7:13  Adept  
  84  7:14  Adept, Assimilator  
  84  7:16  Probe (Chrono Boost)  
  84  7:17  Assimilator  
  84  7:22  Probe (Chrono Boost), Pylon  
  84  7:25  Pylon  
  84  7:28  Protoss Air Weapons Level 2 (Chrono Boost)  
  84  7:29  Photon Cannon  
  84  7:33  Probe (Chrono Boost)  
  87  7:39  Probe x2 (Chrono Boost)  
  87  7:42  Probe (Chrono Boost)  
  87  7:43  Protoss Shields Level 1 (Chrono Boost)  
  88  7:44  Carrier (Chrono Boost)  
  88  7:48  Twilight Council, Pylon, Photon Cannon  
  88  7:54  Carrier (Chrono Boost)  
  88  7:57  Probe  
  89  8:11  Observer (Chrono Boost)  
  102  8:26  Templar Archives, Observer (Chrono Boost)  
  103  8:30  Dark Shrine, Pylon  
  103  8:33  Pylon  
  103  8:37  Adept  
  103  8:38  Adept  
  103  8:43  Probe  
  101  9:04  Carrier (Chrono Boost)  
  101  9:05  Carrier (Chrono Boost)  
  101  9:23  Zealot  
  99  9:27  Psionic Storm  
  111  9:32  Pylon  
  111  9:34  Cybernetics Core  
  111  9:46  Gateway  
  111  9:48  Gateway  
  111  9:50  Gateway  
  111  9:53  Nexus  
  111  9:54  Gateway  
  111  9:55  Assimilator  
  111  9:58  Pylon  
  111  9:59  Pylon  
  111  10:10  Dark Templar  
  111  10:12  Dark Templar  
  115  10:21  Nexus  
  115  10:24  Photon Cannon  
  115  10:25  Pylon, Photon Cannon  
  109  10:43  High Templar  
  109  10:45  High Templar  
  113  10:53  Photon Cannon  
  113  10:57  Photon Cannon  
Show
View Real Time Build Order
Export as new Build Order

OptimusPrime Terran 

Build Orders: MMM Bio 

Get SALT Encoding   

  12  0:00  SCV  
  13  0:13  SCV  
  14  0:17  Supply Depot  
  14  0:25  SCV  
  15  0:39  SCV  
  15  0:42  Barracks  
  16  0:45  Refinery  
  16  0:51  SCV  
  16  0:55  Refinery  
  17  1:03  SCV  
  18  1:17  Barracks  
  18  1:18  SCV  
  20  1:34  Reaper  
  20  1:37  Orbital Command  
  20  1:51  Supply Depot  
  20  2:03  SCV  
  20  2:05  Reaper  
  20  2:07  Reaper  
  23  2:21  Factory  
  23  2:22  SCV  
  24  2:34  SCV  
  25  2:46  SCV, Reaper x2  
  28  2:53  Engineering Bay  
  28  2:56  Supply Depot  
  28  2:58  SCV  
  28  3:05  Starport  
  29  3:10  SCV  
  30  3:17  Widow Mine  
  30  3:18  Reaper x2  
  34  3:23  SCV  
  35  3:35  SCV  
  35  3:47  SCV  
  34  3:51  Missile Turret  
  34  3:55  Barracks Reactor  
  35  3:56  Barracks Tech Lab  
  35  3:57  Factory Tech Lab, Starport Reactor  
  35  3:59  SCV  
  35  4:11  SCV  
  35  4:15  Command Center  
  37  4:18  Marauder  
  37  4:23  SCV  
  39  4:24  Missile Turret  
  39  4:45  Supply Depot  
  39  5:05  Factory Tech Lab  
  39  5:06  SCV, Viking, Marine x2  
  44  5:10  Terran Infantry Weapons Level 1, Barracks  
  44  5:13  Engineering Bay  
  44  5:17  Marauder  
  44  5:18  SCV  
  47  5:28  Supply Depot, Orbital Command  
  47  5:30  SCV  
  47  5:34  Bunker  
  48  5:37  Medivac  
  48  5:39  Marine  
  48  5:40  Marine  
  53  5:42  SCV  
  53  5:45  Marauder  
  55  5:50  Stimpack  
  55  5:54  SCV x2  
  55  5:55  Refinery  
  57  5:59  Marine x2  
  57  6:00  Barracks Reactor  
  59  6:06  SCV  
  59  6:07  SCV  
  61  6:12  Refinery  
  61  6:14  Missile Turret, Marauder  
  64  6:18  SCV  
  64  6:25  SCV  
  65  6:26  Marine  
  65  6:27  Marine  
  65  6:28  Siege Tank  
  70  6:32  Supply Depot  
  70  6:38  SCV, Missile Turret  
  70  6:42  Missile Turret  
  70  6:43  Marine  
  70  6:50  Supply Depot  
  70  6:54  Marauder, SCV, Viking, Marine x3  
  70  7:00  Supply Depot  
  78  7:09  SCV  
  78  7:11  Medivac, Marine  
  78  7:12  SCV, Siege Tank  
  84  7:21  SCV  
  81  7:24  SCV, Viking  
  81  7:25  Marine x3  
  81  7:26  Marauder  
  81  7:27  Terran Infantry Armor Level 1  
  86  7:32  Supply Depot  
  86  7:33  SCV  
  86  7:36  SCV  
  88  7:44  Supply Depot  
  88  7:45  SCV  
  88  7:49  Command Center  
  89  7:54  Missile Turret  
  89  8:01  Marine x3  
  89  8:02  Missile Turret  
  89  8:03  SCV x2  
  94  8:13  Supply Depot, Marine  
  94  8:14  Supply Depot  
  94  8:16  Missile Turret x2, Marauder  
  94  8:18  Combat Shields  
  97  8:24  Marine x2  
  97  8:25  Marine  
  97  8:26  SCV  
  101  8:40  Marine  
  101  8:41  Viking, Siege Tank, Marauder  
  107  8:43  SCV  
  105  8:54  SCV  
  105  8:55  SCV  
  88  8:56  Marine x3  
  88  8:57  Viking  
  88  9:02  Marine  
  82  9:04  Marauder  
  82  9:06  SCV  
  83  9:13  Viking, Marine  
  83  9:14  SCV  
  83  9:16  Supply Depot  
  86  9:18  SCV  
  86  9:21  Marine x2  
  86  9:22  Marine  
  89  9:27  SCV, Viking, Marauder  
  89  9:29  Orbital Command  
  94  9:34  SCV, Refinery  
  94  9:35  Refinery  
  94  9:36  Marine  
  94  9:37  Concussive Shells  
  96  9:39  SCV  
  96  9:41  Marine x2  
  96  9:42  Marine  
  100  9:48  Barracks  
  100  9:51  Barracks  
  100  9:54  Marauder  
  100  9:59  SCV x3  
  105  10:03  Armory  
  105  10:05  Marine  
  105  10:06  Marine x3  
  109  10:07  Viking  
  109  10:08  Viking  
  109  10:11  SCV x3  
  116  10:18  Marauder  
  116  10:21  Siege Tank  
  121  10:23  SCV x2, Marine x2  
  121  10:24  Marine  
  115  10:34  Marine  
  92  10:37  Viking  
  92  10:39  Marine  
  92  10:40  Barracks Reactor  
  92  10:41  Barracks Tech Lab, Marine  
  96  10:43  SCV x3  
  96  10:49  Marine x2  
  101  10:53  Hellion  
  105  11:09  Supply Depot  
  109  11:14  Command Center  
  109  11:15  Supply Depot  
Tags
 
Add a new tag
Caveats
  • Supply blocks, unpowered buildings, or Contaminate may cause inaccurate times.
  • Supply counts are checked every 10 seconds.